 Dungeon Crawl Stone Soup version 0.31-a0-16-g6d2539766c (webtiles) character file.

Game seed: 5785092590081814174

37 IdlyInterested the Changer (level 3, -1/18 (26) HPs)
             Began as a Demonspawn Wanderer on May 8, 2023.
             Slain by Robin
             ... wielding a +0 club
              (5 damage)
             ... on level 2 of the Dungeon.
             The game lasted 00:04:57 (1079 turns).

IdlyInterested the Changer (Demonspawn Wanderer)    Turns: 1079, Time: 00:04:58

HP:   -1/18 (26)    AC:  6    Str:  9    XL:     3   Next: 21%
MP:   6/6           EV: 12    Int: 19    God:
Gold: 71            SH:  0    Dex: 11    Spells: 6/6 levels left

rFire   . . .        e - staff of earth
rCold   . . .        (no shield)
rNeg    . . .        c - +0 robe
rPois   .            (no helmet)
rElec   .            d - +0 cloak
rCorr   .            b - +0 pair of gloves
SInv    .            (no boots)
Will    .....        (no amulet)
Stlth   +            (no ring)
HPRegen 0.23/turn    (no ring)
MPRegen 0.10/turn

%: no passive effects
@: very heavily drained
A: slimy green scales 1
a: no special abilities


You were on level 2 of the Dungeon.
You visited 1 branch of the dungeon, and saw 2 of its levels.

You collected 71 gold pieces.

Inventory:

Hand Weapons
 a - a +0 dagger
 h - a +0 flail
 j - a +1 dagger of draining
Missiles
 f - 10 boomerangs
 i - 15 stones (quivered)
Armour
 b - a +0 pair of gloves (worn)
 c - a +0 robe (worn)
 d - a +0 cloak (worn)
Magical Staves
 e - a staff of earth (weapon)
Scrolls
 k - a scroll of identify {unknown}
 l - a scroll of teleportation {unknown}


   Skills:
 + Level 1.4 Fighting
 * Level 0.6 Throwing
 - Level 2.0 Dodging
 - Level 2.0 Spellcasting
 - Level 3.0 Transmutations
 - Level 2.0 Ice Magic
 - Level 1.0 Earth Magic
 - Level 1.0 Evocations


You had 6 spell levels left.
You didn't know any spells.
Your spell library contained the following spells:

 Spells                   Type           Power      Damage    Failure   Level
 Freeze                   Ice            36%        1d5       8%          1
 Sting                    Tmut/Pois      28%        1d4       9%          1
 Kiss of Death            Conj/Necr      4%         2d5       17%         1
 Frozen Ramparts          Ice            18%        1d3       22%         3
 Ignite Poison            Fire/Tmut/Pois 5%         N/A       32%         3
 Ice Form                 Ice/Tmut       11%        N/A       52%         4
 Dispel Undead            Necr           1%         3d6       86%         4
 Necromutation            Tmut/Necr      3%         N/A       100%        8


Dungeon Overview and Level Annotations

Branches:
Dungeon (2/15)

Altars:

Annotations:
D:2 Robin


Innate Abilities, Weirdness & Mutations

You are partially covered in slimy green scales. (AC +2)


Message History

Robin is lightly wounded.
The goblin barely misses you.
Robin says, "My goblins will feast on your bones."
Robin hits you but does no damage. Robin hits you with a +0 club.
* * * LOW HITPOINT WARNING * * *
The goblin barely misses you.
You barely miss Robin.
Robin is lightly wounded.
The goblin hits you but does no damage. Robin hits you but does no damage.
You hit Robin but do no damage.
Robin is lightly wounded.
Robin closely misses you. The goblin hits you but does no damage.
You hit Robin.
Robin is moderately wounded.
Robin misses you. The goblin closely misses you.
You barely miss Robin.
Robin is moderately wounded.
The hobgoblin no longer looks unusually strong.
Robin's bangles clink loudly.
Robin misses you. The goblin barely misses you.
You hit Robin but do no damage.
Robin is moderately wounded.
The goblin no longer looks unusually strong.
Robin hits you but does no damage. The goblin barely misses you.
The goblin hits you but does no damage. Robin completely misses you.
You barely miss Robin.
Robin is moderately wounded.
Robin roars a battlecry!
The goblins go into a battle-frenzy!
The goblin hits you with a +0 dagger.
* * * LOW HITPOINT WARNING * * *
You barely miss Robin.
Robin is moderately wounded.
The goblin no longer looks unusually strong.
Robin barely misses you. The goblin hits you with a +0 dagger.
* * * LOW HITPOINT WARNING * * *
You hit Robin but do no damage.
Robin is moderately wounded.
Robin hits you with a +0 club.
You die...

#..##.###..##.#
#........#.##.#
##.##.#....##.#
#.###......#.####.#
#.# ##..<..g:.....#
#.......###..g#.######
#.......##.# ##.##g#
..##.##.##.####.##.#
........gg@ggg##g# ###
##.##.#######.# #...
..# ... ### ###


You could see Robin, a hobgoblin (strong) and 3 goblins.

Vanquished Creatures
  2 ball pythons (D:1)
  3 endoplasms
  2 giant cockroaches (D:1)
  7 goblins
  2 hobgoblins
  7 jackals (D:1)
  A quokka (D:1)
  A frilled lizard (D:1)
  3 kobolds
  2 rats (D:1)
30 creatures vanquished.

Notes
Turn   | Place    | Note
-------+----------+-------------------------------------------
     0 | D:1      | IdlyInterested the Demonspawn Wanderer began the quest for
                  | the Orb.
     0 | D:1      | IdlyInterested set off with the following items: a +0
                  | dagger, a potion of curing, a +0 robe, a +0 cloak; and the
                  | following spells available to memorise: Freeze, Sting,
                  | Frozen Ramparts, Ignite Poison, Ice Form.
     0 | D:1      | Reached XP level 1. HP: 13/13 MP: 3/3
   236 | D:1      | Reached skill level 3 in Transmutations
   236 | D:1      | Gained mutation: You are partially covered in slimy green
                  | scales. (AC +2) [demonic ancestry]
   236 | D:1      | Reached XP level 2. HP: 7/20 MP: 5/5
   393 | D:1      | Reached skill level 1 in Fighting
   644 | D:1      | Reached skill level 1 in Earth Magic
   757 | D:1      | Reached XP level 3. HP: 10/16 MP: 6/6
  1011 | D:2      | Got the Discourse on Charnel Vicissitude
  1041 | D:2      | Noticed Robin
  1079 | D:2      | Slain by Robin

Illustrated notes

Levels and vault maps discovered:
D:1:      tekkud_arrival_beachfront_property, layout_basic
D:2:      layout_loops_ring, hellmonk_ecumenical_altar_slurped_away,
          chequers_serial_rivers_small_a, uniq_crazy_yiuf_cottage, uniq_natasha,
          uniq_robin, uniq_jessica

Skill      XL: |  1  2 |
---------------+-------+-----
Dodging        | 2 |  2.0
Transmutations | 3 |  3.0
Ice Magic      | 2 |  2.0
Fighting       | 1 |  1.4
Earth Magic    | 1 |  1.0
Throwing       | |  0.6
Spellcasting   | |  2.0
Evocations     | |  1.0

Action                     || total
---------------------------++-------
  Melee: Staff             ||   189
  Throw: Boomerang         ||     4
         Stone             ||     3
    Use: Potion            ||     3
 Armour: Robe              ||    69
  Dodge: Dodged            ||   141

Table legend: (Time is in decaauts)
 A = Elapsed time spent in this place.
 B = Non-inter-level travel time spent in this place.
 C = Inter-level travel time spent in this place.
 D = Time resting spent in this place.
 E = Time spent auto-exploring this place.
 F = Levels seen in this place.
 G = Mean time per level.
                   A        B        C        D        E       F      G
               +--------+--------+--------+--------+--------+-----+--------+
         Total |   1133 |   1097 |     36 |    281 |    326 |   2 |  566.5 |
       Dungeon |   1133 |   1097 |     36 |    281 |    326 |   2 |  566.5 |
               +--------+--------+--------+--------+--------+-----+--------+

Top non-repeatable levels by time:
     D:1: 1027 daAuts
     D:2: 106 daAuts
